 Dungeon Crawl Stone Soup version 0.31-a0-188-g5e087ee2ca (webtiles) character file.

Game seed: 1232560543750425281

23 qw the Shooter (level 2, -1/16 HPs)
             Began as a Deep Elf Hunter on June 23, 2023.
             Killed from afar by Sigmund (3 damage)
             ... with a magic dart
             ... on level 2 of the Dungeon.
             The game lasted 00:00:17 (1073 turns).

qw the Shooter (Deep Elf Hunter)                    Turns: 1073, Time: 00:00:17

Health: -1/16      AC:  5    Str:  8    XL:     2   Next: 72%
Magic:  4/4        EV: 10    Int: 13    God:
Gold:   95         SH:  0    Dex: 18    Spells: 1/1 levels left

rFire   . . .        Y - +0 shortbow
rCold   . . .        (shield currently unavailable)
rNeg    . . .        d - +0 ring mail
rPois   .            (no helmet)
rElec   .            (no cloak)
rCorr   .            (no gloves)
SInv    +            (no boots)
Will    .....        (no amulet)
Stlth   +            e - ring of see invisible
HPRegen 0.22/turn    (no ring)
MPRegen 0.09/turn

%: no passive effects
@: no status effects
A: no striking features
a: no special abilities


You were on level 2 of the Dungeon.
You visited 1 branch of the dungeon, and saw 2 of its levels.

You collected 95 gold pieces.


   Skills:
 - Level 1.5 Fighting
 + Level 6.4 Ranged Weapons
 - Level 2.4 Dodging
 - Level 1.2 Stealth


You had one spell level left.
You didn't know any spells.
Your spell library was empty.

Inventory:

Hand Weapons
 Y - a +0 shortbow (weapon)
Armour
 d - a +0 ring mail (worn)
Jewellery
 e - a ring of see invisible (left hand)
 i - a ring of ice
Potions
 a - a potion of curing {unknown}
 f - a potion of berserk rage {unknown}
 g - a potion of attraction {unknown}

Dungeon Overview and Level Annotations

Branches:
Dungeon (2/15)

Altars:

Annotations:
D:2 Sigmund


Message History

A rat comes into view.
The rat moves out of view.
An endoplasm comes into view.
The endoplasm moves out of view.
You shoot an arrow. The arrow hits the rat!
You kill the rat!
You shoot an arrow.
The arrow hits the endoplasm but does no damage.
Found a sling.
You shoot an arrow. The arrow hits the endoplasm!
You kill the endoplasm!
Found an escape hatch in the ceiling.
You open the door.
There is an open door here.
Found a robe.
You see here a +0 robe.
Found a stone staircase leading down.
Sigmund the Dreaded comes into view.
He is wielding a +0 scythe.
Sigmund smiles chillingly.
Sigmund hits you from afar with a +0 scythe.
You shoot an arrow.
The arrow hits Sigmund but does no damage.
You shoot an arrow. The arrow hits Sigmund!
Sigmund is moderately wounded.
Sigmund barely misses you.
You shoot an arrow. The arrow hits Sigmund.
Sigmund is heavily wounded.
Sigmund barely misses you.
You shoot an arrow. The arrow hits Sigmund.
Sigmund is severely wounded.
Sigmund hits you from afar with a +0 scythe.
You shoot an arrow. The arrow closely misses Sigmund.
Sigmund giggles. "Time to reap what you sow."
Sigmund hits you from afar with a +0 scythe!
Ouch! That really hurt!
1072 ||| FLEEEEING.
1073 ||| FLEEEEING.
Sigmund points at you and mumbles some strange words.
The magic dart hits you.
You die...

########
#####>.....#
........##.# ####
#######..#.# ...####
###...# .......
#.....#########@.$.#
#.###......@....!.#
##.....#########...#
#.[....# ####
#.##########
#.##.......#
#..'.......#
####.......#
#....)..# #.......#


You could see Sigmund.

Vanquished Creatures
  A dart slug (D:1)
  6 ball pythons
  4 endoplasms
  A goblin (D:1)
  A hobgoblin (D:1)
  2 bats
  2 frilled lizards
  5 rats
22 creatures vanquished.

Notes
Turn   | Place    | Note
-------+----------+-------------------------------------------
     0 | D:1      | qw the Deep Elf Hunter began the quest for the Orb.
     0 | D:1      | Reached XP level 1. HP: 12/12 MP: 3/3
     0 | D:1      | 0 ||| qw: Version: 0.3-a-9-g12657ce
     0 | D:1      | 0 ||| qw: Game counter: 3513
     0 | D:1      | 0 ||| qw: Always use a shield: true
     0 | D:1      | 0 ||| qw: God list: Okawaru
     0 | D:1      | 0 ||| qw: Allow faded altars: false
     0 | D:1      | 0 ||| qw: Do Orc after D:15 true
     0 | D:1      | 0 ||| qw: Do second Lair branch before Depths: true
     0 | D:1      | 0 ||| qw: Lair rune preference: random
     0 | D:1      | 0 ||| qw: Plans: Normal
     0 | D:1      | 0 ||| PLANNING D:1-11
   110 | D:1      | Found a faded altar of an unknown god.
   147 | D:1      | Reached skill level 6 in Ranged Weapons
   147 | D:1      | Reached XP level 2. HP: 16/16 MP: 4/4
   903 | D:1      | 903 ||| UPGRADING to +0 ring mail.
   913 | D:1      | 913 ||| DROPPING +0 leather armour.
   914 | D:1      | 914 ||| UPGRADING to ring of see invisible.
   915 | D:1      | 915 ||| READING scroll labelled ULLOEH RYPU.
   916 | D:1      | 916 ||| READING scroll labelled NIAWIT VERRONEMP.
   917 | D:1      | 917 ||| DROPPING scroll of butterflies.
  1065 | D:2      | Noticed Sigmund
  1070 | D:2      | HP: 2/16 [Sigmund/+0 scythe (8)]
  1072 | D:2      | 1072 ||| FLEEEEING.
  1073 | D:2      | 1073 ||| FLEEEEING.
  1073 | D:2      | Killed from afar by Sigmund

Levels and vault maps discovered:
D:1:      tarquinn_simple_flora_water_a, layout_basic,
          hellmonk_ecumenical_altar_pennies_from_heaven
D:2:      minmay_wonky_spiral, layout_basic, serial_shops,
          nicolae_shop_window_shopping, patterned_corridor, uniq_sigmund

Skill      XL: |  1 |
---------------+----+-----
Ranged Weapons | 6 |  6.4
Fighting       | |  1.5
Dodging        | |  2.4
Stealth        | |  1.2

Action                     || total
---------------------------++-------
   Fire: Shortbow          ||    43
    Use: Scroll            ||     2
 Armour: Ring mail         ||     3
  Dodge: Dodged            ||     7

Table legend:
 A = Non-vault XP
 B = Vault XP
 C = Vault XP percentage of total XP
 D = Non-vault monster count
 E = Vault monster count
 F = Vault count percentage of total count
                 A         B        C        D         E       F
            +---------+---------+-------+---------+---------+-------
      Total |      33 |       0 |   0.0 |      22 |       0 |   0.0
            +---------+---------+-------+---------+---------+-------
        D:1 |      24 |       0 |   0.0 |      15 |       0 |   0.0
        D:2 |       9 |       0 |   0.0 |       7 |       0 |   0.0
            +---------+---------+-------+---------+---------+-------
